 Dungeon Crawl Stone Soup version 0.19.1 (webtiles) character file.

96 KingCrawl the Conjurer (level 4, 0/30 HPs)
             Began as a Demonspawn Fire Elementalist on Dec 25, 2016.
             Slain by an orc (2 damage)
             ... on level 3 of the Dungeon.
             The game lasted 00:17:05 (2079 turns).

KingCrawl the Conjurer (DsFE)                       Turns: 2079, Time: 00:17:05

Health: 0/30       AC:  3    Str:  7    XL:     4   Next: 41%
Magic:  0/7        EV: 12    Int: 17    God:
Gold:   156        SH:  0    Dex: 13    Spells: 1 memorised, 6 levels left

rFire  . . .     SeeInvis .     p - +1 trident (freeze)
rCold  . . .     Gourm    .     a - +0 robe
rNeg   . . .     Faith    .     (no shield)
rPois  .         Spirit   +     j - +1 hat
rElec  .         Reflect  .     (no cloak)
rCorr  .         Harm     .     (no gloves)
MR     .....                    (no boots)
Stlth  +.........               (no amulet)
                                n - -2 ring of strength (curse)
                                s - ring of loudness (curse)

@: very slightly contaminated
A: horns 1, magic shield, rot immunity
a: no special abilities


You were on level 3 of the Dungeon.
You were not hungry.

You visited 1 branch of the dungeon, and saw 3 of its levels.

You collected 156 gold pieces.

Inventory:

Hand Weapons
 d - a +0 dagger
 p - a +1 trident of freezing (weapon)
Armour
 a - a +0 robe (worn)
 j - a +1 hat (worn)
Jewellery
 e - a +3 ring of evasion
 n - a cursed -2 ring of strength (right hand)
 q - an uncursed ring of resist corrosion
 s - a cursed ring of loudness (left hand)
 u - an uncursed ring of wizardry {unknown}
Scrolls
 m - 2 scrolls of identify
 o - a scroll of enchant armour {unknown}
Potions
 f - a potion of flight {unknown}
 g - 3 potions of curing {unknown}
 h - 2 potions of magic {unknown}
 i - 2 potions of brilliance {unknown}
 k - 2 potions of heal wounds {unknown}
 t - 2 potions of might
Books
 b - a book of Flames

   Spells                             Type                      Level
   a - Flame Tongue                   Conjuration/Fire             1
   b - Throw Flame                    Conjuration/Fire             2
   c - Conjure Flame                  Conjuration/Fire             3
   d - Inner Flame                    Hexes/Fire                   3
   e - Sticky Flame                   Conjuration/Fire             4
   f - Fireball                       Conjuration/Fire             5
Comestibles
 c - 3 bread rations
 l - a slice of pizza


   Skills:
 - Level 1.7 Dodging
 - Level 1.7 Stealth
 + Level 2.1 Spellcasting
 - Level 4.0 Conjurations
 - Level 3.0 Fire Magic


You had 6 spell levels left.
You knew the following spells:

 Your Spells              Type           Power        Failure   Level  Hunger
a - Flame Tongue          Conj/Fire      ##...        4%          1    #......


Dungeon Overview and Level Annotations

Branches:
Dungeon (3/15)

Altars:
Gozag


Innate Abilities, Weirdness & Mutations

You have a pair of small horns on your head.
When hurt, damage is shared between your health and your magic reserves.
You are immune to rotting.


Message History

Press: ? - help, Dir - move target cursor, f/p - orc priest
Aim: an orc priest, wielding an enchanted trident (moderately wounded)
You reach to attack!
You hit the orc priest. You freeze the orc priest.
The orc priest is heavily wounded.
The orc priest barely misses you.
Evoke which item? (* to show all) (? for menu, Esc to quit)
Attack whom?
Press: ? - help, Dir - move target cursor, f/p - orc priest
Aim: an orc priest, wielding an enchanted trident (heavily wounded)
You reach to attack!
You hit the orc priest. You freeze the orc priest.
The orc priest is almost dead.
The orc closely misses you.
The orc priest hits you from afar with an enchanted trident.
* * * LOW HITPOINT WARNING * * *
Evoke which item? (* to show all) (? for menu, Esc to quit)
Attack whom?
Press: ? - help, Dir - move target cursor, f/p - orc priest
Aim: an orc priest, wielding an enchanted trident (almost dead)
The orc is in the way.
You closely miss the orc. The orc hits you.
You die...

..####### ........#
..#####.##### #.@....#
#.o###.# .. ###.o###.#
#...# #......#.# #...#
#.#..#.#.# #...#
#.#..#.#.# #...# #
#.<...$######...###
...##.##†#.#.............
...oo....(...............


You could see an orc priest and an orc.

Vanquished Creatures
  2 oozes (D:1)
  2 worms (D:3)
  2 dart slugs
  4 leopard geckos
  7 orcs (D:3)
  A ball python (D:2)
  6 bats
  A giant cockroach (D:2)
  8 goblins
  2 hobgoblins
  8 jackals
  5 frilled lizards
  8 kobolds
  7 rats
63 creatures vanquished.

Notes
Turn   | Place    | Note
-------+----------+-------------------------------------------
     0 | D:1      | KingCrawl the Demonspawn Fire Elementalist began the quest for the Orb.
     0 | D:1      | Reached XP level 1. HP: 13/13 MP: 3/3
    88 | D:1      | Reached skill level 2 in Conjurations
    89 | D:1      | Gained mutation: You are immune to rotting. [demonic ancestry]
    89 | D:1      | Reached XP level 2. HP: 9/19 MP: 0/5
   492 | D:1      | Reached skill level 3 in Conjurations
   492 | D:1      | Gained mutation: You have a pair of small horns on your head. [demonic ancestry]
   492 | D:1      | Reached XP level 3. HP: 22/24 MP: 2/6
  1042 | D:2      | Found a faded altar of an unknown god.
  1379 | D:2      | Found an opulent altar of Gozag.
  1538 | D:3      | Gained mutation: When hurt, damage is shared between your health and your magic reserves. [demonic ancestry]
  1538 | D:3      | Reached XP level 4. HP: 28/30 MP: 1/7
  1553 | D:3      | Reached skill level 4 in Conjurations
  2079 | D:3      | Slain by an orc

Skill      XL: |  1  2  3  4 |
---------------+-------------+-----
Conjurations   | 2 3 4 |  4.0
Fire Magic     | 3 |  3.0
Dodging        | |  1.7
Stealth        | |  1.7
Spellcasting   | |  2.1

Action                   |  1- 3 |  4- 6 || total
-------------------------+-------+-------++-------
Melee: Dagger            |    54 |    32 ||    86
       Unarmed           |     2 |       ||     2
       Headbutt          |     4 |     3 ||     7
       Trident           |       |     3 ||     3
 Cast: Flame Tongue      |    62 |    29 ||    91
  Use: Scroll            |       |     4 ||     4
 Stab: Sleeping          |     1 |       ||     1
  Eat: Chunk             |     3 |     2 ||     5
Armor: Robe              |    22 |     4 ||    26
Dodge: Dodged            |    70 |    41 ||   111
